 Dungeon Crawl Stone Soup version 0.28-a0-662-g1651b1f1e0 (webtiles) character file.

Game seed: 13152137638977044133

59 cheechan the Chopper (level 4, -1/31 HPs)
             Began as an Octopode Berserker on Oct 14, 2021.
             Was a Believer of Trog.
             Succumbed to a gnoll's poison
             ... on level 3 of the Dungeon.
             The game lasted 00:07:06 (1583 turns).

cheechan the Chopper (Octopode Berserker)           Turns: 1583, Time: 00:07:07

Health: -1/31      AC:  1    Str: 16    XL:     4   Next: 3%
Magic:  4/4        EV: 10    Int:  9    God:    Trog [**....]
Gold:   61         SH:  8    Dex: 12    Spells: 3/3 levels left

rFire   . . .      SeeInvis .   a - +0 hand axe
rCold   . . .      Faith    .   h - +2 kite shield
rNeg    . . .      Spirit   .   (helmet restricted)
rPois   .          Reflect  .   b - amulet of regeneration
rElec   .          Harm     .   (no ring)
rCorr   .          Rampage  .   (no ring)
Will    ++...                   (no ring)
Stlth   +++.......              (no ring)
HPRegen 2.10/turn               (no ring)
MPRegen 0.09/turn               (no ring)
                                (no ring)
                                (no ring)

@: lethally poisoned (-1 -> -5), strong-willed, regenerating
A: almost no armour, amphibious, 8 rings, camouflage 1, gelatinous body 1,
(nimble swimmer 1), tentacles
a: Renounce Religion, Berserk, Trog's Hand


You were on level 3 of the Dungeon.
You worshipped Trog.
Trog was pleased with you.
You visited 1 branch of the dungeon, and saw 3 of its levels.

You collected 61 gold pieces.

Inventory:

Hand Weapons
 a - a +0 hand axe (weapon)
 j - a +0 hand axe
Missiles
 c - 58 stones (quivered)
 e - 19 sling bullets
 g - 18 bolts
 i - 44 arrows
Armour
 h - a +2 kite shield (worn)
Jewellery
 b - an amulet of regeneration (around mantle)
Scrolls
 l - a scroll of holy word {unknown}
 m - a scroll of teleportation
Potions
 d - a potion of haste {unknown}
 f - a potion of magic {unknown}
 k - a potion of brilliance {unknown}


   Skills:
 + Level 3.5 Fighting
 + Level 3.9 Axes
 + Level 3.3 Dodging
 + Level 1.2 Stealth


You had 3 spell levels left.
You didn't know any spells.
Your spell library was empty.

Dungeon Overview and Level Annotations

Branches:
Dungeon (3/15)

Altars:

Annotations:
D:3 1 transporter


Innate Abilities, Weirdness & Mutations

You cannot wear most types of armour.
You are amphibious.
You can wear up to eight rings at the same time.
Your skin changes colour to match your surroundings (Stealth+).
Your rubbery body absorbs attacks. (AC +1, EV +1)
((You are camouflaged near water. (Stealth+)))
You have tentacles for arms and can constrict up to eight enemies at once.


Message History

The slug dart hits you. The dart slug launches a dart at you.
The slug dart hits you.
You hit the dart slug. You grab the dart slug. You squeeze the dart slug.
The dart slug is almost dead.
You constrict the dart slug. You hit the dart slug.
You kill the dart slug!
Trog accepts your kill.
You have reached level 4!
You start resting.
HP restored.
You open the door.
Found a cloak.
A gnoll comes into view. It is wielding a +2 halberd of venom.
The gnoll shouts!
You hear a shout!
There is an open door here.
A gnoll comes into view. It is wielding a +0 club.
A gnoll comes into view. It is wielding a +0 spear.
Found a transporter.
The gnoll closely misses you. The gnoll closely misses you.
The gnoll shouts!
You hit the gnoll. Your grab misses the gnoll.
The gnoll is moderately wounded.
The gnoll hits you with a +2 halberd of venom!
You are poisoned.
You block the gnoll's attack.
You hit the gnoll but do no damage. You grab the gnoll.
The gnoll is moderately wounded.
You closely miss the gnoll. You constrict the gnoll.
You feel extremely sick. You block the gnoll's attack.
The gnoll hits you with a +2 halberd of venom!
* * * LOW HITPOINT WARNING * * *
A gnoll comes into view. It is wielding a +0 flail.
You block the gnoll's attack.
Your skin crawls.
You feel strong-willed.
You constrict the gnoll.
You die...

#...#...##....###.#
...## ##.######.# #
#.# .# #.# .# ##'##
# ##...## ##.....##
##.......##
#..g@.....#
g..'g.g....[.+
####.........#
##.......##
##.....## ##.....
##+#... .©..


You could see 4 gnolls.

Vanquished Creatures
  2 adders (D:2)
  2 dart slugs
  An orc (D:2)
  4 endoplasms
  2 giant cockroaches (D:1)
  A goblin (D:2)
  4 hobgoblins (D:1)
  6 kobolds
  A quokka (D:2)
  2 ball pythons (D:2)
  4 bats (D:1)
  5 frilled lizards
  3 rats
37 creatures vanquished.

Notes
Turn   | Place    | Note
-------+----------+-------------------------------------------
     0 | D:1      | cheechan the Octopode Berserker began the quest for the
                  | Orb.
     0 | D:1      | Reached XP level 1. HP: 16/16 MP: 1/1
   108 | D:1      | Reached XP level 2. HP: 10/21 MP: 2/2
   183 | D:1      | Found a faded altar of an unknown god.
   470 | D:1      | Reached XP level 3. HP: 26/26 MP: 3/3
  1210 | D:2      | Reached ** piety under Trog
  1310 | D:2      | Reached skill level 1 in Stealth
  1567 | D:3      | Reached XP level 4. HP: 26/31 MP: 4/4
  1579 | D:3      | Found a transporter.
  1582 | D:3      | HP: 1/31 [gnoll (10)]
  1583 | D:3      | Succumbed to a gnoll's poison

Illustrated notes

Levels and vault maps discovered:
D:1:      amcnicky_arrival_flooded_fountain, layout_loops_ring,
          hellmonk_ecumenical_altar_run_dry
D:2:      layout_basic, minmay_box_of_dots
D:3:      gammafunk_wand_slinger, layout_loops_corners, minmay_misc_feat_alley,
          minmay_surrounded, uniq_grinder

Skill      XL: |  1  2  3 |
---------------+----------+-----
Stealth        | 1 |  1.2
Fighting       | |  3.5
Axes           | |  3.9
Dodging        | |  3.3

Action                   |  1- 3 |  4- 6 || total
-------------------------+-------+-------++-------
Melee: Hand axe          |    75 |     2 ||    77
       Constrict         |    17 |     1 ||    18
       Tentacles         |    14 |       ||    14
Invok: Berserk           |     1 |       ||     1
       Trog's Hand       |       |     1 ||     1
  Use: Scroll            |     1 |       ||     1
 Stab: Sleeping          |     5 |       ||     5
Armor: Skin              |    11 |       ||    11
Dodge: Dodged            |    42 |     2 ||    44
Block: Kite shield       |    14 |     3 ||    17

Table legend: (Time is in decaauts)
 A = Elapsed time spent in this place.
 B = Non-inter-level travel time spent in this place.
 C = Inter-level travel time spent in this place.
 D = Time resting spent in this place.
 E = Time spent auto-exploring this place.
 F = Levels seen in this place.
 G = Mean time per level.
                   A        B        C        D        E       F      G
               +--------+--------+--------+--------+--------+-----+--------+
         Total |   1611 |   1611 |      0 |     47 |      0 |   3 |  537.0 |
       Dungeon |   1611 |   1611 |      0 |     47 |      0 |   3 |  537.0 |
               +--------+--------+--------+--------+--------+-----+--------+

Top non-repeatable levels by time:
     D:1: 848 daAuts
     D:2: 732 daAuts
     D:3: 30 daAuts
